 Dungeon Crawl Stone Soup version 0.28.0-45-g0d030f2227 (webtiles) character file.

Game seed: 13945514222707714771

2483 zeratav the Geomancer (level 9, -13/60 HPs)
             Began as a Gargoyle Earth Elementalist on Apr 5, 2022.
             Was an Initiate of Vehumet.
             Mangled by a death knight
             ... wielding a +3 great sword of distortion
              (31 damage)
             ... on level 7 of the Dungeon.
             The game lasted 00:18:58 (7938 turns).

zeratav the Geomancer (Gargoyle Earth Elementalist) Turns: 7938, Time: 00:18:58

Health: -13/60     AC: 13    Str: 13    XL:     9   Next: 52%
Magic:  3/17       EV: 11    Int: 19    God:    Vehumet [......]
Gold:   8          SH:  0    Dex: 10    Spells: 13/19 levels left

rFire   + + .      SeeInvis .   h - +6 spear of the Singing Puffin {vorpal, rPois Will+ rCorr}
rCold   + . .      Faith    .   (no shield)
rNeg    + . .      Spirit   .   e - +1 leather armour {rF+}
rPois   ∞          Reflect  .   (no helmet)
rElec   +          Harm     .   w - scarf {rC+ rF+}
rCorr   +          Rampage  .   (no gloves)
Will    +....                   r - +2 pair of boots
Stlth   ++........              (no amulet)
HPRegen 0.20/turn               (no ring)
MPRegen 0.15/turn               (no ring)

@: no status effects
A: sickness immunity, AC +6, negative energy resistance 1, electricity
resistance, torment resistance 1, petrification resistance
a: Renounce Religion


You were on level 7 of the Dungeon.
You worshipped Vehumet.
Vehumet was noncommittal.
You visited 2 branches of the dungeon, and saw 8 of its levels.

You collected 488 gold pieces.
You spent 480 gold pieces at shops.

Inventory:

Hand Weapons
 h - the +6 spear of the Singing Puffin (weapon) {vorpal, rPois Will+ rCorr}
   (You found it on level 5 of the Dungeon)

   It inflicts extra damage upon your enemies.
   rPois:     It protects you from poison.
   rCorr:     It protects you from acid and corrosion.
   Will:      It increases your willpower.
Missiles
 c - 41 stones
 o - a throwing net
Armour
 e - a +1 leather armour of fire resistance (worn)
 r - a +2 pair of boots (worn)
 w - a scarf of resistance (worn)
Jewellery
 t - a ring of resist corrosion
Wands
 l - a wand of digging (9)
 q - a wand of flame (27)
 u - a wand of iceblast (4)
Scrolls
 a - 3 scrolls of magic mapping
 b - a scroll of silence {unknown}
 d - 2 scrolls of blinking {unknown}
 g - a scroll of teleportation {unknown}
 v - a scroll of identify
Potions
 f - a potion of mutation
 i - 2 potions of heal wounds
 j - a potion of haste
 k - a potion of degeneration {unknown}
 m - 2 potions of attraction {unknown}
 n - a potion of brilliance {unknown}
 p - a potion of magic {unknown}
 s - a potion of might {unknown}


   Skills:
 * Level 8.6 Fighting
 - Level 1.5 Dodging
 - Level 2.1 Stealth
 + Level 5.5 Spellcasting
 - Level 0.7 Transmutations
 * Level 10.1 Earth Magic


You had 13 spell levels left.
You knew the following spells:

 Your Spells              Type           Power      Damage    Failure   Level
a - Sandblast             Erth           86%        2d18      1%          1
b - Stone Arrow           Conj/Erth      48%        3d10      5%          3
c - Passwall              Tmut/Erth      20%        N/A       2%          2

Your spell library contained the following spells:

 Spells                   Type           Power      Damage    Failure   Level
 Freeze                   Ice            20%        1d4       16%         1
 Petrify                  Tmut/Erth      25%        N/A       16%         4
 Frozen Ramparts          Ice            10%        1d3       41%         3
 Hailstorm                Conj/Ice       5%         3d4       83%         4


Dungeon Overview and Level Annotations

Branches:
Dungeon (7/15)             Temple (1/1) D:7

Altars:
Cheibriados
Fedhas
Gozag
Hepliaklqana
Kikubaaqudgha
Nemelex Xobeh
Okawaru
Qazlal
Sif Muna
Trog
Vehumet
Xom
Zin
The Shining One

Shops:
D:1 *   D:7 *

Annotations:
D:7 Harold


Innate Abilities, Weirdness & Mutations

You are immune to sickness and miasma.
Your stone body is resilient. (AC +6)
You are immune to poison.
You resist negative energy. (rN+)
You are resistant to electric shocks. (rElec)
You are resistant to unholy torment.
You are immune to petrification.


Message History

You open the door.
A howler monkey comes into view.
The death knight shouts!
The howler monkey howls!
You see here a bullfrog corpse.
There is an open door here.
The howler monkey hoots and howls with incredible vigour!
The stone arrow hits the howler monkey!
The howler monkey is severely wounded.
The stone arrow hits the howler monkey!
You kill the howler monkey!
Vehumet accepts your kill.
Something unseen breaks down the door.
You start resting.
A death knight is nearby!
The death knight invokes the aid of Yredelemnul against you.
You resist with some effort.
You can't see any susceptible monsters within range! (Use Z to cast anyway.)
The stone arrow hits the death knight!
The death knight is moderately wounded.
A centaur zombie comes into view.
You miscast Stone Arrow.
You are very lightly contaminated with residual magic.
Nothing appears to happen.
The death knight offers itself to Yredelemnul, and fills with unholy energy.
The death knight barely misses you.
Your magical contamination has completely faded away.
The death knight's dark mirror aura disappears.
Casting: Stone Arrow (dangerous; 5% risk of failure)
Confirm with . or Enter, or press ? or * to list all spells.
Aiming: Passwall (safe; 2% risk of failure)
Press: ? - help, Dir - move target, p - death knight A rock wall.
The death knight hits you with a +3 great sword of distortion!!
Space warps horribly around you!!
* * * LOW HITPOINT WARNING * * *
You begin to meditate on the wall.
You continue meditating on the rock.
The death knight hits you with a +3 great sword of distortion!!
Ouch! That really hurt!
You die...

#.####............#..#
###.####.##......#..#..#
#......#.##............#
.......................#
....##.#.##.####..#.##.#
#......#......##..#..#.#
#..##..#......##..#.#..#
#.............##p.##.#.#
#.....###.....##@......#
#.##### #.....###..>...#
#.### ####### ####.###
....# #.# ....#######
#.#
..........##########.#
....#####.#..........#
....# #.#.##.##.####
##### #.#.##.##.#


You could see a death knight.

Vanquished Creatures
  A steam dragon (D:4)
  2 ice beasts (D:6)
  3 sky beasts
  2 black bears (D:7)
  A necrophage (D:5)
  2 ogres
  A centaur (D:7)
  A phantom (D:7)
  A kobold brigand (D:6)
  A bullfrog (D:7)
  3 scorpions
  A water moccasin skeleton (D:6)
  3 killer bees (D:5)
  3 howler monkeys
  3 hounds
  A jelly (D:6)
  An orc priest (D:3)
  A bullfrog skeleton (D:5)
  4 centaur skeletons
  An orc wizard (D:6)
  5 iguanas
  A killer bee zombie (D:6)
  A hound skeleton (D:5)
  2 howler monkey skeletons
  5 gnolls
  4 adders
  A white imp (D:6)
  An adder skeleton (D:4)
  3 worms
  2 dart slugs
  16 orcs
  4 endoplasms
  3 giant cockroaches
  16 goblins
  6 hobgoblins (D:3)
  4 quokkas
  5 ball pythons
  2 bats (D:2)
  3 frilled lizards (D:3)
  13 kobolds
  4 rats
137 creatures vanquished.

Vanquished Creatures (others)
  14 plants
14 creatures vanquished.

Grand Total: 151 creatures vanquished

Notes
Turn   | Place    | Note
-------+----------+-------------------------------------------
     0 | D:1      | zeratav the Gargoyle Earth Elementalist began the quest for
                  | the Orb.
     0 | D:1      | Reached XP level 1. HP: 10/10 MP: 3/3
    89 | D:1      | Found Eneosuv's General Store.
   300 | D:1      | Reached XP level 2. HP: 16/16 MP: 3/5
   435 | D:1      | Reached skill level 1 in Fighting
   613 | D:2      | Reached skill level 4 in Earth Magic
   831 | D:2      | Reached XP level 3. HP: 20/20 MP: 2/6
   898 | D:2      | Found a faded altar of an unknown god.
  1371 | D:3      | Learned a level 3 spell: Stone Arrow
  1374 | D:3      | Learned a level 2 spell: Passwall
  1429 | D:3      | Reached XP level 4. HP: 27/27 MP: 4/8
  1444 | D:3      | Noticed a sky beast
  1652 | D:3      | Killed a sky beast
  1653 | D:3      | Reached skill level 5 in Earth Magic
  1653 | D:3      | Reached XP level 5. HP: 15/32 MP: 2/9
  1902 | D:3      | Noticed an ogre
  1909 | D:3      | Killed an ogre
  1910 | D:3      | Reached XP level 6. HP: 37/38 MP: 5/10
  2996 | D:3      | Reached skill level 6 in Earth Magic
  3487 | D:4      | Noticed a steam dragon
  3553 | D:4      | Killed a steam dragon
  3554 | D:4      | Reached XP level 7. HP: 39/44 MP: 5/12
  3872 | D:5      | Entered Level 5 of the Dungeon
  3883 | D:5      | Reached skill level 5 in Fighting
  3909 | D:5      | Reached skill level 7 in Earth Magic
  4274 | D:5      | Reached XP level 8. HP: 51/51 MP: 5/14
  4480 | D:5      | Found a sparkling altar of Nemelex Xobeh.
  4509 | D:5      | Identified the +6 spear of the Singing Puffin {vorpal,
                  | rPois Will+ rCorr}
  4572 | D:5      | Reached skill level 8 in Earth Magic
  5308 | D:6      | Reached skill level 9 in Earth Magic
  5474 | D:6      | Reached skill level 5 in Spellcasting
  5474 | D:6      | Reached XP level 9. HP: 44/57 MP: 7/16
  6460 | D:7      | Found Kaumioju's Neck Hole.
  6840 | D:7      | Bought a scarf of resistance for 480 gold pieces
  6955 | D:7      | Noticed Harold
  6969 | D:7      | Found a staircase to the Ecumenical Temple.
  6983 | Temple   | Entered the Ecumenical Temple
  7386 | Temple   | Became a worshipper of Vehumet
  7634 | D:7      | Reached skill level 10 in Earth Magic
  7899 | D:7      | Noticed a death knight
  7938 | D:7      | Mangled by a death knight

Illustrated notes

Levels and vault maps discovered:
D:1:      lightli_arrival_noodles, layout_rooms, serial_shops,
          nicolae_shop_hallway_stairs
D:2:      layout_rooms, hellmonk_ecumenical_altar_leap_of_faith,
          chequers_serial_rivers_micro_e
D:3:      cheibrodos_greedy_goblins, layout_rooms
D:4:      layout_rooms
D:5:      layout_cave_pools, mainiacjoe_overflow_paths, serial_bayou,
          serial_bayou_pond_a, serial_bayou_lake_a, serial_bayou_lagoon_a,
          serial_bayou_pond_b
D:6:      layout_loops_ring, serial_bayou_pond_e, kennysheep_small_square
D:7:      minmay_chambers_of_sixes, layout_loops_cross,
          minmay_temple_entry_glassed_door, nicolae_shop_sticking_my_neck_out,
          uniq_harold
Temple:   mainiacjoe_temple_trianglar_array

Skill      XL: |  1  2  3  4  5  6  7  8  9 |
---------------+----------------------------+-----
Fighting       | 1 2 3 4 5 7 8 |  8.6
Earth Magic    | 4 5 6 7 9 10 | 10.1
Spellcasting   | 3 4 5 |  5.5
Dodging        | |  1.5
Stealth        | |  2.1
Transmutations | |  0.7

Action                   |  1- 3 |  4- 6 |  7- 9 || total
-------------------------+-------+-------+-------++-------
Melee: Unarmed           |     4 |       |       ||     4
       Punch             |     1 |     1 |       ||     2
       Whip              |     8 |    35 |     1 ||    44
       Spear             |       |       |    35 ||    35
 Cast: Sandblast         |    44 |    64 |    67 ||   175
       Stone Arrow       |       |     1 |    66 ||    67
       Passwall          |       |       |     3 ||     3
  Use: Scroll            |       |    10 |     1 ||    11
Armor: Robe              |     7 |    18 |     3 ||    28
       Leather armour    |       |       |    35 ||    35
Dodge: Dodged            |    13 |    38 |    43 ||    94
